 Dungeon Crawl Stone Soup version 0.31-a0-876-gfe8ebadbca (webtiles) character file.

Game seed: 16717311394409231421

105 LeprechaunX the Changeling (level 4, -1/29 HPs)
             Began as an Octopode Shapeshifter on Oct 14, 2023.
             Slain by an iguana (10 damage)
             ... on level 3 of the Dungeon.
             The game lasted 00:02:45 (2304 turns).

LeprechaunX the Changeling (Octopode Shapeshifter)  Turns: 2304, Time: 00:02:46

Health: -1/29      AC:  1    Str: 15    XL:     4   Next: 83%
Magic:  4/4        EV: 13    Int: 12    God:
Gold:   194        SH:  0    Dex: 11    Spells: 3/3 levels left

rFire   . .          .
                       - Unarmed
rCold   . . .        (no shield)
rNeg    . . .        (helmet currently unavailable)
rPois   .            (no amulet)
rElec   .            (no ring)
rCorr   .            (no ring)
SInv    .            (no ring)
Will    .....        (no ring)
Stlth   ++           (no ring)
HPRegen 0.24/turn    (no ring)
MPRegen 0.09/turn    (no ring)
                     (no ring)

%: no passive effects
@: beast-form
A: beast (slay +2), almost no armour, amphibious, 8 rings, camouflage 1,
gelatinous body 1, (nimble swimmer 1), tentacles
a: Begin Untransformation


You were on level 3 of the Dungeon.
You were a hulking beast.
You visited 1 branch of the dungeon, and saw 4 of its levels.

You collected 194 gold pieces.

Inventory:

Hand Weapons
 a - a +0 sling
Jewellery
 i - an amulet of faith
Talismans
 b - a beast talisman (active)
 c - a flux talisman
Scrolls
 e - a scroll of fear {unknown}
 g - a scroll of torment {unknown}
 h - 3 scrolls of identify {unknown}
 j - a scroll of enchant armour {unknown}
 l - 2 scrolls of teleportation {unknown}
 s - a scroll of blinking {unknown}
Potions
 d - 3 potions of curing {unknown}
 f - a potion of berserk rage {unknown}
 k - a potion of attraction {unknown}
 m - a potion of heal wounds {unknown}
 n - a potion of magic {unknown}
 o - a potion of ambrosia {unknown}
 p - a potion of lignification
 q - a potion of haste {unknown}
 r - a potion of invisibility {unknown}
 t - a potion of cancellation {unknown}


   Skills:
 + Level 2.1 Fighting
 + Level 2.7 Dodging
 + Level 3.5 Unarmed Combat
 * Level 3.9 Shapeshifting


You had 3 spell levels left.
You didn't know any spells.
Your spell library contained the following spells:

 Spells                   Type           Power      Damage    Failure   Level
 Shock                    Conj/Air       0%         1d3       32%         1
 Ensorcelled Hibernation  Hex/Ice        0%         N/A       45%         2
 Passwall                 Tmut/Erth      0%         N/A       45%         2
 Swiftness                Air            0%         N/A       69%         3
 Airstrike                Air            0%         2d(0-16)  97%         4
 Manifold Assault         Tloc           0%         N/A       97%         4
 Dispersal                Tloc           0%         N/A       100%        6
 Disjunction              Tloc           0%         N/A       100%        8


Dungeon Overview and Level Annotations

Branches:
Dungeon (4/15)
 Temple: D:4-7

Altars:

Shops:
D:1 !

Annotations:
D:2 1 runed translucent door, Crazy Yiuf
D:3 3 runed translucent doors, KarmaticGoose's ghost, amateur DECj


Innate Abilities, Weirdness & Mutations

You are a hulking beast.
Your limbs bulge with bestial killing power. (Slay +2)
You cannot wear most types of armour.
You are amphibious.
You can wear up to eight rings at the same time.
Your skin changes colour to match your surroundings (Stealth+).
Your rubbery body absorbs attacks. (AC +1, EV +1)
((You are camouflaged when in or above water. (Stealth+)))
You have tentacles for arms and can constrict up to eight enemies at once.


Message History

The sling bullet hits the endoplasm.
The endoplasm quivers.
The endoplasm is heavily wounded.
The iguana hisses angrily.
You shoot a sling bullet. The sling bullet hits the endoplasm.
You kill the endoplasm!
A phantom comes into view.
The phantom moves out of view.
You shoot a sling bullet.
The sling bullet closely misses the hound.
The kobold throws a stone.
The stone hits you. The hound barely misses you.
You are now empty-tentacled.
The kobold throws a stone.
The stone hits you.
You barely miss the hound. You grab the hound.
You constrict the hound, but do no damage.
The hound closely misses you. The hound barely misses you.
The kobold throws a stone.
The stone barely misses you.
You tentacle-slap the hound.
The hound is moderately wounded.
You constrict the hound. The hound misses you. The iguana bites you!
You release your grip on the hound.
The hound bites you. The hound misses you. The iguana bites you!
* * * LOW HITPOINT WARNING * * *
You climb upwards.
Level annotation: 3 runed translucent doors, KarmaticGoose's ghost, amateur DECj
There is a stone staircase leading down here.
The hound barely misses you. The hound attacks as it pursues you!
The hound closely misses you. The hound bites you but does no damage.
You tentacle-slap the hound. You grab the hound. You squeeze the hound!
You kill the hound!
Your Fighting skill increases to level 2!
You bludgeon the iguana! Your grab misses the iguana.
The iguana is moderately wounded.
The iguana barely misses you.
You tentacle-slap the iguana but do no damage.
You grab the iguana.
The iguana is moderately wounded.
You constrict the iguana, but do no damage.
The iguana bites you!
You die...

...# ############ ...#
#..........# ...#
#.########.# ...# #.#
#.# ...# ##### #.# #.#
...# #...# #.# #.# ...#
#...# #.# #.#
...###...###.########.#
.........'......hl>...#
######...#########.####
#Z#..'...# #.#
.Z#..#...# #.#
.W+..#...# #.#
..+......# #.#
..+..#.### #.# ..#..#.#
#.# #.####.# #.#


You could see an iguana.

Vanquished Creatures
  A hound (D:3)
  An adder (D:3)
  A worm (D:2)
  2 dart slugs
  2 orcs (D:3)
  4 bats
  7 endoplasms
  4 giant cockroaches
  2 hobgoblins
  10 jackals
  A quokka (D:3)
  4 ball pythons
  2 frilled lizards (D:1)
  3 goblins
  5 kobolds
  6 rats
55 creatures vanquished.

Notes
Turn   | Place    | Note
-------+----------+-------------------------------------------
     0 | D:1      | LeprechaunX the Octopode Shapeshifter began the quest for
                  | the Orb.
     0 | D:1      | Reached XP level 1. HP: 13/13 MP: 1/1
   155 | D:1      | Reached XP level 2. HP: 18/18 MP: 2/2
   156 | D:1      | You fall into a shaft and drop 1 floor!
   187 | D:2      | Found a faded altar of an unknown god.
   594 | D:1      | Found Mestraiqe's Distillery.
   743 | D:1      | Reached XP level 3. HP: 23/23 MP: 3/3
  1176 | D:2      | Found a runed translucent door.
  1177 | D:2      | Noticed Crazy Yiuf
  1758 | D:3      | Found a runed translucent gate.
  1758 | D:3      | Found a runed translucent gate.
  1759 | D:3      | Found a runed translucent gate.
  1917 | D:3      | Reached XP level 4. HP: 24/29 MP: 4/4
  2268 | D:3      | Noticed KarmaticGoose's ghost (amateur DECj)
  2292 | D:4      | Noticed a phantom
  2304 | D:3      | Slain by an iguana

Illustrated notes

Levels and vault maps discovered:
D:1:      saegor_arrival_under_anarchy, layout_basic, serial_shops,
          nicolae_square_shop
D:2:      layout_loops_corners, hellmonk_ecumenical_altar_crossroads,
          minmay_tromino_v7, uniq_crazy_yiuf_cottage
D:3:      layout_basic, gammafunk_ghost_necromancy, grunt_decor_junction
D:4:      cheibrodos_quashed, layout_cave_pools

Skill      XL: |  1  2  3  4 |
---------------+-------------+-----
Fighting       | 2 |  2.1
Dodging        | |  2.7
Unarmed Combat | |  3.5
Shapeshifting  | |  3.9

Action                     |  1- 3 |  4- 6 || total
---------------------------+-------+-------++-------
  Melee: Unarmed           |    80 |    21 ||   101
         Constrict         |    21 |     6 ||    27
         Tentacles         |    11 |     5 ||    16
         Punch             |     1 |       ||     1
   Fire: Sling             |       |     3 ||     3
   Stab: Sleeping          |    10 |     1 ||    11
 Armour: Skin              |    31 |    16 ||    47
  Dodge: Dodged            |    50 |    21 ||    71

Table legend: (Time is in decaauts)
 A = Elapsed time spent in this place.
 B = Non-inter-level travel time spent in this place.
 C = Inter-level travel time spent in this place.
 D = Time resting spent in this place.
 E = Time spent auto-exploring this place.
 F = Levels seen in this place.
 G = Mean time per level.
                   A        B        C        D        E       F      G
               +--------+--------+--------+--------+--------+-----+--------+
         Total |   2298 |   2118 |    180 |      0 |   1812 |   4 |  574.5 |
       Dungeon |   2298 |   2118 |    180 |      0 |   1812 |   4 |  574.5 |
               +--------+--------+--------+--------+--------+-----+--------+

Top non-repeatable levels by time:
     D:2: 1044 daAuts
     D:3: 673 daAuts
     D:1: 571 daAuts
     D:4: 8 daAuts
